[Event "Titled Tuesday Blitz March 08 Early 2022"]
[White "Bluebaum, Matthias"]
[Black "Shkapenko, Pavel"]
[WhiteFideId "24651516"]
[BlackFideId "4151933"]
[WhiteElo "2550"]
[BlackElo "2386"]
[Result "1-0"]
[Round "04"]
[TimeControl "180+1"]
[Date "2022.03.08"]
[WhiteClock "0:01:37"]
[BlackClock "0:00:59"]

1. b3 d5 2. Bb2 c6 3. Nf3 Bg4 4. e3 Nd7 5. h3 Bh5 6. d3 e6 7. Nbd2 Ngf6 8. g4 Bg6 9. Nh4 Qa5 10. a3 Bd6 11. g5 Nh5 12. Be2 Ng3 13. Nxg6 fxg6 14. fxg3 Bxg3+ 15. Kf1 O-O+ 16. Kg2 Bf2 17. Bg4 Bxe3 18. Nf3 Qc7 19. Qe2 d4 20. Bc1 1-0


[Site "https://www.chess.com"]

[Event "Titled Tuesday Blitz March 08 Early 2022"]
[White "Bodnaruk, Anastasia"]
[Black "Gaehwiler, Gabriel"]
[WhiteFideId "4181751"]
[BlackFideId "1314530"]
[WhiteElo "2393"]
[BlackElo "2383"]
[Result "0-1"]
[Round "04"]
[TimeControl "180+1"]
[Date "2022.03.09"]
[WhiteClock "0:00:04"]
[BlackClock "0:00:28"]

1. e4 e5 2. Nf3 Nf6 3. Nxe5 d6 4. Nf3 Nxe4 5. Nc3 Nf6 6. d4 d5 7. Bd3 Be7 8. h3 O-O 9. O-O c6 10. Ne2 Nbd7 11. Ng3 Re8 12. Nf5 Nf8 13. Bg5 Ne6 14. Bh4 Nf4 15. Re1 Bxf5 16. Bxf5 Ne4 17. Bxe4 Bxh4 18. Bxh7+ Kxh7 19. Rxe8 Qxe8 20. Nxh4 Qe4 21. Nf3 Qg6 22. g3 Nxh3+ 23. Kg2 Nf4+ 24. Kg1 Ne6 25. Qd2 Re8 26. Kg2 Kg8 27. Re1 f6 28. Nh4 Qg4 29. c3 Kf7 30. Re3 g5 31. Nf3 Rh8 32. Ng1 Nf4+ 33. Kf1 Rh1 34. gxf4 Rxg1# 0-1


[Site "https://www.chess.com"]

[Event "Titled Tuesday Blitz March 08 Early 2022"]
[White "Bryakin, Mikhail"]
[Black "Safarli, Eltaj"]
[WhiteFideId "4165314"]
[BlackFideId "13402129"]
[WhiteElo "2417"]
[BlackElo "2634"]
[Result "0-1"]
[Round "04"]
[TimeControl "180+1"]
[Date "2022.03.08"]
[WhiteClock "0:01:54"]
[BlackClock "0:02:07"]

1. e4 c6 2. d4 d5 3. exd5 cxd5 4. Bd3 Nc6 5. c3 Nf6 6. Bf4 g6 7. Qc2 Bg7 8. Nf3 O-O 9. h3 Nh5 10. Bh2 Bh6 11. O-O Nf4 12. Bxf4 Bxf4 13. Nbd2 Bd7 14. Rfe1 Rc8 15. Qb3 e6 16. Ne5 Nxe5 17. dxe5 Bxd2 0-1


[Site "https://www.chess.com"]

[Event "Titled Tuesday Blitz March 08 Early 2022"]
[White "Budrewicz, Krzysztof"]
[Black "Aitbayev, Aslan"]
[WhiteFideId "1127950"]
[BlackFideId "13704613"]
[WhiteElo "2248"]
[BlackElo "2385"]
[Result "0-1"]
[Round "04"]
[TimeControl "180+1"]
[Date "2022.03.09"]
[WhiteClock "0:00:07"]
[BlackClock "0:00:07"]

1. d4 Nf6 2. c4 g6 3. Nc3 Bg7 4. e4 d6 5. g3 O-O 6. Bg2 e5 7. d5 a5 8. Nge2 Na6 9. O-O Bd7 10. h3 Nc5 11. Be3 b6 12. g4 h5 13. g5 Nh7 14. Qd2 Qc8 15. h4 f6 16. f4 Bh3 17. f5 Bxg2 18. Kxg2 fxg5 19. hxg5 gxf5 20. exf5 Rxf5 21. Ng3 Rxf1 22. Rxf1 Qg4 23. Qe2 Rf8 24. Rxf8+ Nxf8 25. Qxg4 hxg4 26. Bxc5 bxc5 27. Nge4 Ng6 28. Kg3 Nf4 29. Kxg4 Nd3 30. b3 Nb4 31. Kf5 Kf7 32. g6+ Ke7 33. Ng5 Nc2 34. Ne6 Bh6 35. Nxc7 Nd4+ 36. Kg4 Kf6 37. Kh5 Bf8 38. Ne6 Nxe6 39. dxe6 Kxe6 40. Kg5 Bg7 41. Nd5 Bf8 42. Nf6 Be7 43. g7 Bxf6+ 44. Kg6 Bxg7 45. Kxg7 e4 0-1


[Site "https://www.chess.com"]

[Event "Titled Tuesday Blitz March 08 Early 2022"]
[White "Bulmaga, Irina"]
[Black "Samaganova, Aleksandra"]
[WhiteFideId "13903063"]
[BlackFideId "13800221"]
[WhiteElo "2184"]
[BlackElo "1859"]
[Result "1-0"]
[Round "04"]
[TimeControl "180+1"]
[Date "2022.03.09"]
[WhiteClock "0:00:17"]
[BlackClock "0:00:04"]

1. e4 c5 2. d4 cxd4 3. Nf3 e6 4. Nxd4 a6 5. c4 Qc7 6. Nc3 Nf6 7. Bd3 Bb4 8. O-O Bxc3 9. bxc3 O-O 10. a4 d5 11. exd5 exd5 12. Qf3 Bg4 13. Qf4 Qxf4 14. Bxf4 dxc4 15. Bxc4 Rc8 16. Bb3 Nc6 17. f3 Bh5 18. g4 Bg6 19. g5 Nh5 20. Bd6 Rd8 21. Bc5 Nf4 22. Bb6 Nxd4 23. cxd4 Rd7 24. Rfe1 Nh3+ 25. Kg2 Nxg5 26. h4 Ne6 27. Rxe6 fxe6 28. Bxe6+ Rf7 29. Rc1 Re8 30. Bb3 Kh8 31. Bxf7 Bxf7 32. Rc7 Bd5 33. Rd7 Bc6 34. Rf7 Kg8 35. Rf4 Re2+ 36. Kg3 Rd2 37. a5 h6 38. Kg4 Kh7 39. Kf5 Rd3 40. Ke6 Kg6 41. Re4 Bxe4 42. fxe4 Re3 43. e5 Rd3 44. d5 h5 45. d6 Kh7 46. d7 g5 47. d8=Q Rxd8 48. Bxd8 gxh4 49. Bxh4 Kg6 50. Kd7 Kf5 51. e6 Kg4 52. Be1 h4 53. Bxh4 Kxh4 54. e7 1-0


[Site "https://www.chess.com"]

[Event "Titled Tuesday Blitz March 08 Early 2022"]
[White "Bures, Vit"]
[Black "Kushko, Dmitriy"]
[WhiteFideId "309052"]
[BlackFideId "14162261"]
[WhiteElo "2118"]
[BlackElo "2225"]
[Result "0-1"]
[Round "04"]
[TimeControl "180+1"]
[Date "2022.03.09"]
[WhiteClock "0:01:44"]
[BlackClock "0:01:21"]

1. Nf3 g6 2. d4 Nf6 3. c4 Bg7 4. Nc3 O-O 5. e4 d6 6. Be2 e5 7. O-O Nc6 8. d5 Ne7 9. b4 Nh5 10. Re1 a5 11. Ba3 Nf4 12. Bf1 axb4 13. Bxb4 Bg4 14. h3 Bxf3 15. Qxf3 c5 16. dxc6 Nxc6 17. Rab1 Ne6 18. Nb5 Nxb4 19. Rxb4 Rxa2 20. Rd1 Qa5 21. Qb3 Nc5 22. Qb1 Nxe4 23. Nxd6 Nc3 24. Rb5 Qa7 25. Rxb7 Qxf2+ 0-1


[Site "https://www.chess.com"]

[Event "Titled Tuesday Blitz March 08 Early 2022"]
[White "Butti, Enrique"]
[Black "Stankovic, Ivan G"]
[WhiteFideId "3700470"]
[BlackFideId "902837"]
[WhiteElo "2080"]
[BlackElo "2195"]
[Result "1-0"]
[Round "04"]
[TimeControl "180+1"]
[Date "2022.03.09"]
[WhiteClock "0:00:24"]
[BlackClock "0:00:13"]

1. d4 Nf6 2. Nf3 c5 3. e3 d5 4. c3 Nc6 5. Bd3 Bg4 6. h3 Bh5 7. O-O e6 8. Nbd2 Bd6 9. Qc2 O-O 10. Re1 Rc8 11. g4 Bg6 12. dxc5 Bxc5 13. e4 Nb4 14. cxb4 Bxf2+ 15. Kxf2 Rxc2 16. Bxc2 dxe4 17. Nxe4 Bxe4 18. Bxe4 Qb6+ 19. Be3 Qxb4 20. Bd4 Nxe4+ 21. Rxe4 e5 22. Rxe5 Qc4 23. b3 Qc2+ 24. Re2 Qd3 25. Rae1 h5 26. g5 h4 27. Re4 Rd8 28. Rxh4 Qc2+ 29. Re2 Qf5 30. Kg3 a5 31. Rhe4 b5 32. Re8+ Rxe8 33. Rxe8+ Kh7 34. Re5 Qd3 35. h4 f6 36. gxf6 gxf6 37. Re7+ Kg8 38. Kf4 Qc2 39. Bxf6 Qxa2 40. Ng5 Qf2+ 41. Ke5 Qc5+ 42. Ke6 Qc6+ 43. Kf5 Qc2+ 44. Ne4 Qxb3 45. Rg7+ Kf8 46. Ng5 Qd3+ 47. Kg4 Qe2+ 48. Nf3 a4 49. h5 a3 50. h6 Qg2+ 51. Kf4 a2 52. h7 Qh3 53. Rg8+ Kf7 54. h8=Q Qxh8 55. Bxh8 1-0


[Site "https://www.chess.com"]

[Event "Titled Tuesday Blitz March 08 Early 2022"]
[White "Cori T., Deysi"]
[Black "Derraugh, Geordie"]
[WhiteFideId "3801934"]
[BlackFideId "2603950"]
[WhiteElo "2341"]
[BlackElo "2116"]
[Result "1-0"]
[Round "04"]
[TimeControl "180+1"]
[Date "2022.03.09"]
[WhiteClock "0:00:29"]
[BlackClock "0:00:01"]

1. d4 Nf6 2. Nf3 g6 3. g3 Bg7 4. Bg2 O-O 5. O-O d5 6. Ne5 Ng4 7. Nxg4 Bxg4 8. c4 c6 9. cxd5 cxd5 10. Nc3 Nc6 11. Be3 Be6 12. Rc1 Qb6 13. Na4 Qa5 14. Nc5 Qxa2 15. Qd2 Qa5 16. Rfd1 Qb6 17. Nxe6 fxe6 18. Bh3 Nd8 19. Rc5 Nf7 20. Rdc1 Rad8 21. b4 e5 22. dxe5 d4 23. Bf4 g5 24. Bxg5 Nxg5 25. Qxg5 Qxb4 26. Be6+ Kh8 27. Bf5 Qb6 28. Bd3 Bh6 29. Qxe7 Bg7 30. e6 Rde8 31. Qh4 h6 32. e7 Rf7 33. Rc7 Qf6 34. Qe4 1-0


[Site "https://www.chess.com"]

[Event "Titled Tuesday Blitz March 08 Early 2022"]
[White "De Souza, Cristiano Gomes"]
[Black "Guliyev, Namig"]
[WhiteFideId "2151758"]
[BlackFideId "13400363"]
[WhiteElo "2068"]
[BlackElo "2487"]
[Result "0-1"]
[Round "04"]
[TimeControl "180+1"]
[Date "2022.03.09"]
[WhiteClock "0:02:40"]
[BlackClock "0:02:30"]

1. d4 d6 2. c4 Nf6 3. Nc3 g6 4. e4 Bg7 5. Nf3 O-O 6. Be2 e5 7. O-O Nc6 8. d5 Ne7 9. Ne1 Nd7 10. Be3 f5 11. f3 f4 12. Bf2 g5 13. Nb5 b6 14. b4 a6 15. Nc3 Nf6 16. Nd3 h5 17. c5 g4 18. Rc1 Ng6 19. Na4 b5 20. Nab2 g3 21. hxg3 fxg3 22. Bxg3 h4 23. Bf2 Bh6 24. Rc3 Nh5 25. Qc2 Rf7 26. a4 Rg7 27. Ra1 Ngf4 28. Nxf4 Nxf4 29. Bf1 Bh3 30. axb5 Bxg2 31. Bxg2 Rxg2+ 32. Kf1 h3 33. Rxa6 h2 34. Rxa8 h1=Q+ 0-1


[Site "https://www.chess.com"]

[Event "Titled Tuesday Blitz March 08 Early 2022"]
[White "Decuigniere, Tom"]
[Black "Samadov, Read"]
[WhiteFideId "26093820"]
[BlackFideId "13417444"]
[WhiteElo "1997"]
[BlackElo "2084"]
[Result "0-1"]
[Round "04"]
[TimeControl "180+1"]
[Date "2022.03.09"]
[WhiteClock "0:00:02"]
[BlackClock "0:00:19"]

1. d4 Nf6 2. Bg5 d5 3. Bxf6 exf6 4. e3 c6 5. g3 Bd6 6. Bg2 O-O 7. Ne2 Nd7 8. O-O f5 9. Nd2 Nf6 10. c4 dxc4 11. Nxc4 Bc7 12. Nc3 Be6 13. Nd2 g6 14. Nb3 Qe7 15. Nc5 Bc8 16. Qb3 Rb8 17. a4 b6 18. Nd3 Be6 19. Qc2 Rbc8 20. Rfc1 h5 21. h4 Ng4 22. Ne2 Bd6 23. Nef4 Bd7 24. Qb3 Kg7 25. a5 Rb8 26. Bxc6 bxa5 27. Qd1 Bxc6 28. Rxc6 Rfc8 29. Rxc8 Rxc8 30. Rxa5 Qe4 31. Rxa7 Bxf4 32. Nxf4 Nxe3 33. fxe3 Qxe3+ 34. Kg2 Rc1 35. Qe2 Rg1+ 0-1


[Site "https://www.chess.com"]

[Event "Titled Tuesday Blitz March 08 Early 2022"]
[White "Derige Kane, Yan"]
[Black "Yandarbiev, Ruslan"]
[WhiteFideId "20665431"]
[BlackFideId "4115023"]
[WhiteElo "2169"]
[BlackElo "2102"]
[Result "0-1"]
[Round "04"]
[TimeControl "180+1"]
[Date "2022.03.09"]
[WhiteClock "0:02:21"]
[BlackClock "0:01:32"]

1. Nf3 Nf6 2. g3 g6 3. Bg2 Bg7 4. O-O O-O 5. b3 a5 6. a3 d6 7. Bb2 e5 8. d3 Nc6 9. Nbd2 Re8 10. Rc1 d5 11. c4 d4 12. Re1 Bf5 13. Ng5 Qd7 14. Nge4 Nxe4 15. Nxe4 b6 16. c5 b5 17. a4 bxa4 18. bxa4 Bh3 19. Nd2 Bxg2 20. Kxg2 Nb4 21. Nc4 Qd5+ 22. Kg1 Qxc5 23. e3 Qd5 24. e4 Qd7 25. f4 exf4 26. gxf4 f5 27. e5 Qd5 28. Qe2 Bh6 29. Rf1 Re6 30. Nd2 Rc6 31. Rxc6 Nxc6 32. Nc4 Rb8 33. Qf2 Nb4 34. Bxd4 Nxd3 35. Qe3 Qxc4 36. Rd1 Nxf4 0-1


[Site "https://www.chess.com"]

[Event "Titled Tuesday Blitz March 08 Early 2022"]
[White "Dilmukhametov, Artur"]
[Black "Sailer, Mike"]
[WhiteFideId "24179922"]
[BlackFideId "2012901"]
[WhiteElo "2237"]
[BlackElo "2109"]
[Result "0-1"]
[Round "04"]
[TimeControl "180+1"]
[Date "2022.03.09"]
[WhiteClock "0:00:35"]
[BlackClock "0:00:30"]

1. d4 d5 2. Nc3 Nf6 3. Bf4 c6 4. Nf3 Bf5 5. e3 e6 6. Bd3 Ne4 7. Nxe4 dxe4 8. Bc4 exf3 9. gxf3 Bd6 10. Bxd6 Qxd6 11. e4 Qb4+ 12. Qd2 Qxd2+ 13. Kxd2 Bg6 14. Rhg1 Nd7 15. Rad1 Nb6 16. b3 Nxc4+ 17. bxc4 O-O-O 18. Kc1 Rd7 19. d5 cxd5 20. cxd5 exd5 21. exd5 Rhd8 22. c4 b5 23. cxb5 Rxd5 24. Rxd5 Rxd5 25. a4 Rd4 26. a5 Rb4 27. Rg5 Kb7 28. Kd2 Ra4 29. a6+ Kb6 30. Kc3 Rf4 31. Rd5 Rxf3+ 32. Kd4 Rd3+ 33. Ke5 Rxd5+ 34. Kxd5 Kxb5 35. Kd6 Kxa6 36. Ke7 Kb5 37. Kf8 a5 38. Kxg7 a4 39. Kf6 a3 40. h4 a2 41. f4 a1=Q+ 42. Kg5 Qg1+ 43. Kh6 Qg4 44. f5 Bxf5 45. h5 Bg6 46. Kg7 Bxh5+ 47. Kh8 f5 48. Kxh7 Qg6+ 49. Kh8 Qf6+ 50. Kh7 Bg6+ 51. Kg8 Qf7+ 52. Kh8 Qh7# 0-1


[Site "https://www.chess.com"]

[Event "Titled Tuesday Blitz March 08 Early 2022"]
[White "Dubov, Daniil"]
[Black "Costachi, Mihnea"]
[WhiteFideId "24126055"]
[BlackFideId "1217518"]
[WhiteElo "2791"]
[BlackElo "2464"]
[Result "1-0"]
[Round "04"]
[TimeControl "180+1"]
[Date "2022.03.08"]
[WhiteClock "0:00:16"]
[BlackClock "0:01:06"]

1. d4 Nf6 2. Nf3 d5 3. c4 c6 4. cxd5 cxd5 5. Nc3 Nc6 6. Bf4 a6 7. Rc1 e6 8. e3 Be7 9. Bd3 O-O 10. O-O b5 11. Nxb5 axb5 12. Rxc6 Bd7 13. Rc7 Rxa2 14. Qb3 Ra6 15. Rfc1 Ne8 16. Rb7 Bd6 17. Ne5 Bxe5 18. dxe5 Bc6 19. Rxc6 Rxc6 20. h3 Nc7 21. Ra7 Qb8 22. Ra1 Rc8 23. Kh2 Ra6 24. Rd1 Rb6 25. Bb1 Na6 26. Qd3 g6 27. Qe2 Qc7 28. Qf3 Qe7 29. Qg3 Rbc6 30. Bg5 Qf8 31. e4 Rc1 32. Rxc1 Rxc1 33. Bxc1 d4 34. Bg5 Nc5 35. Bf6 Nd7 36. Qd3 Qc5 37. f4 Qb4 38. Qc2 Nc5 39. Be7 d3 40. Qxc5 Qxc5 41. Bxc5 d2 42. Bc2 d1=Q 43. Bxd1 1-0


[Site "https://www.chess.com"]

[Event "Titled Tuesday Blitz March 08 Early 2022"]
[White "Durarbayli, Vasif"]
[Black "Martinez Alcantara, Jose Eduardo"]
[WhiteFideId "13402935"]
[BlackFideId "3805662"]
[WhiteElo "2528"]
[BlackElo "2690"]
[Result "1-0"]
[Round "04"]
[TimeControl "180+1"]
[Date "2022.03.08"]
[WhiteClock "0:00:07"]
[BlackClock "0:00:01"]

1. d4 Nf6 2. c4 e6 3. Nc3 Bb4 4. f3 c5 5. d5 d6 6. e4 O-O 7. Ne2 b5 8. Nf4 e5 9. Ne2 bxc4 10. g4 Ne8 11. Ng3 Nd7 12. h4 Rb8 13. h5 f6 14. Nf5 Nb6 15. Rg1 g5 16. hxg6 hxg6 17. Ne3 Kg7 18. Bd2 Rh8 19. Qe2 Bd7 20. Qg2 Bxc3 21. bxc3 g5 22. Rh1 Nc7 23. Bxc4 Rxh1+ 24. Qxh1 Qh8 25. Qxh8+ Rxh8 26. Bf1 Rh2 27. Rb1 Kf8 28. Bg2 Nb5 29. Rb3 Ke7 30. Kf2 Kd8 31. Kg3 Rh7 32. Bf1 Nc7 33. Ra3 Nc8 34. Kg2 Rh8 35. Ba6 Nxa6 36. Rxa6 Kc7 37. c4 Kb7 38. Ra3 Nb6 39. Rb3 Ba4 40. Rb1 Ka6 41. Rc1 Rb8 42. Nf5 Nc8 43. Bc3 Bd7 44. Ne3 Nb6 45. Kf2 Rh8 46. Kg3 Na4 47. Bd2 Nb2 48. Rb1 Nd3 49. Rb3 Nf4 50. Ra3+ Kb7 51. Rb3+ Ka8 52. Ba5 Ne2+ 53. Kf2 Nd4 54. Rb1 Rc8 55. Rh1 Ba4 56. Rh7 Rb8 57. Bc7 Rb2+ 58. Kf1 Rb1+ 59. Kf2 Rb2+ 60. Kf1 Nxf3 61. Bxd6 Nd2+ 62. Kg1 Nxe4 63. Rh8+ Kb7 64. Rb8+ Ka6 65. Rxb2 Nxd6 66. Rf2 Ne4 67. Rh2 Kb6 68. Rh8 Bd7 69. Kg2 Nd6 70. Rf8 Ne8 71. Kf3 Kc7 72. Nf5 a5 73. Rf7 Kd8 74. Ng7 Nd6 75. Rxf6 Ke7 76. Rg6 e4+ 77. Kg3 Nxc4 78. Nf5+ Kd8 79. d6 Kc8 80. Rg8+ Kb7 81. Rg7 Kc6 82. Rxg5 e3 83. Kf3 Be6 84. Rg7 Bd5+ 85. Ke2 Be6 86. Nxe3 Nxd6 87. Rg6 Kd7 88. Rg5 Bxa2 89. Rxc5 a4 90. Ra5 Bb3 91. Ra7+ Ke6 92. Kf3 Nf7 93. Ra6+ Ke5 94. Ra5+ Kf6 95. Kf4 Nd8 96. Ra6+ Ne6+ 97. Kg3 Kg5 98. Ra5+ Kf6 99. Ng2 Nd4 100. g5+ Ke7 101. Nf4 Bc2 102. Ra7+ Ke8 103. g6 Kf8 104. Kg4 Nf5 105. Kg5 Nd6 106. Ne6+ Ke8 107. Ng7+ Kf8 108. Ne6+ Ke8 109. g7 Bh7 110. Kh6 Bg8 111. Ra8+ Ke7 112. Rxg8 Nf5+ 113. Kg6 Nh4+ 114. Kh5 Nf5 115. Ra8 Nxg7+ 116. Nxg7 1-0


[Site "https://www.chess.com"]

[Event "Titled Tuesday Blitz March 08 Early 2022"]
[White "Dwilewicz, Katarzyna"]
[Black "Domingo Nunez, Alejandro"]
[WhiteFideId "1148486"]
[BlackFideId "22245561"]
[WhiteElo "1907"]
[BlackElo "2215"]
[Result "0-1"]
[Round "04"]
[TimeControl "180+1"]
[Date "2022.03.09"]
[WhiteClock "0:00:03"]
[BlackClock "0:00:17"]

1. e4 c6 2. d4 g6 3. Nf3 Bg7 4. h3 d5 5. Nc3 dxe4 6. Nxe4 Nf6 7. Nxf6+ exf6 8. c3 O-O 9. Be2 a5 10. a4 Na6 11. O-O Nc7 12. Re1 Nd5 13. Bd3 Be6 14. Bd2 Re8 15. Qc2 Qd7 16. b3 Bf8 17. Bc4 Bd6 18. Bh6 b5 19. axb5 cxb5 20. Bd3 Rac8 21. Bd2 Nxc3 22. Bxc3 Bb4 23. Bxb4 Rxc2 24. Bxc2 axb4 25. Rad1 Bd5 26. Nd2 Rc8 27. Bd3 Rc3 28. Re3 Kg7 29. Ne4 Bxe4 30. Bxe4 Rxe3 31. fxe3 Qe6 32. Bf3 Qxe3+ 33. Kf1 Qxb3 34. d5 Qc4+ 35. Ke1 Qc3+ 36. Kf1 Qc4+ 37. Ke1 Qc7 38. d6 Qd7 39. Bc6 Qxc6 40. d7 Qe6+ 41. Kf1 Qf5+ 42. Ke1 b3 43. d8=Q b2 44. Qd2 b1=Q 45. Rxb1 Qxb1+ 46. Kf2 b4 47. h4 h5 48. g3 b3 49. g4 Qa2 0-1


[Site "https://www.chess.com"]

[Event "Titled Tuesday Blitz March 08 Early 2022"]
[White "Einarsson, Halldor Gretar"]
[Black "Dolzhykova, Kateryna"]
[WhiteFideId "2300150"]
[BlackFideId "14113414"]
[WhiteElo "2114"]
[BlackElo "2184"]
[Result "0-1"]
[Round "04"]
[TimeControl "180+1"]
[Date "2022.03.09"]
[WhiteClock "0:00:01"]
[BlackClock "0:00:08"]

1. d4 Nf6 2. c4 e6 3. g3 d5 4. Nf3 Be7 5. Bg2 O-O 6. O-O c6 7. Qc2 b6 8. Nc3 Ba6 9. cxd5 cxd5 10. Re1 Nc6 11. a3 Rc8 12. Bf4 Bd6 13. Bg5 h6 14. Bd2 Qd7 15. Rad1 Ne4 16. Qb1 Nxc3 17. Bxc3 Na5 18. e4 dxe4 19. Ne5 Bxe5 20. dxe5 Bd3 21. Bxe4 Bxb1 22. Rxd7 Bxe4 23. Rxe4 Nc6 24. Rf4 b5 25. h4 a5 26. Kg2 b4 27. axb4 axb4 28. Bxb4 Rfd8 29. Rxd8+ Rxd8 30. Bd6 Rd7 31. Rc4 Ne7 32. f4 Nd5 33. b4 Rb7 34. Kf3 g6 35. Bc5 Rb8 36. Rd4 Ra8 37. Ke4 Ra3 38. Rd3 Ra1 39. Kd4 Rb1 40. Kc4 h5 41. Kb5 Kg7 0-1


[Site "https://www.chess.com"]

[Event "Titled Tuesday Blitz March 08 Early 2022"]
[White "Erigaisi Arjun"]
[Black "Shahaliyev, Ismayil"]
[WhiteFideId "35009192"]
[BlackFideId "13406388"]
[WhiteElo "2745"]
[BlackElo "2105"]
[Result "1-0"]
[Round "04"]
[TimeControl "180+1"]
[Date "2022.03.08"]
[WhiteClock "0:01:18"]
[BlackClock "0:00:03"]

1. c4 Nf6 2. Nc3 c5 3. Nf3 Nc6 4. e4 e5 5. d3 a6 6. g3 Rb8 7. a4 d6 8. Bg2 g6 9. h3 Bg7 10. Be3 Nd4 11. O-O h6 12. Rb1 Nc6 13. Ne1 g5 14. Nc2 a5 15. Nd5 Nxd5 16. cxd5 Ne7 17. Qh5 O-O 18. Na3 Bd7 19. b3 f5 20. exf5 Nxf5 21. Nc4 b5 22. axb5 Bxb5 23. Be4 Be8 24. Qg4 Bd7 25. Qh5 Be8 26. Qe2 Bd7 27. Kh2 Qc7 28. Qa2 Ra8 29. Bd2 a4 30. b4 Rfb8 31. bxc5 Qxc5 32. Be3 Nxe3 33. fxe3 a3 34. Rxb8+ Rxb8 35. Qxa3 Qxa3 36. Nxa3 Rb2+ 37. Bg2 e4 38. dxe4 Re2 39. Nc4 Be5 40. Nxe5 dxe5 41. Rf6 Kg7 42. Rd6 Bb5 43. Rb6 Bd3 44. Kg1 Rxe3 45. d6 Re1+ 46. Kf2 Rd1 47. Bf3 Ra1 48. d7 Ra8 49. Rd6 1-0


[Site "https://www.chess.com"]

[Event "Titled Tuesday Blitz March 08 Early 2022"]
[White "Fajdetic, Hrvoje"]
[Black "Brunner, Nicolas"]
[WhiteFideId "14501945"]
[BlackFideId "620246"]
[WhiteElo "2172"]
[BlackElo "2372"]
[Result "0-1"]
[Round "04"]
[TimeControl "180+1"]
[Date "2022.03.09"]
[WhiteClock "0:00:52"]
[BlackClock "0:01:39"]

1. d4 d5 2. Bf4 e6 3. e3 Nf6 4. Nf3 c5 5. Nc3 a6 6. Ne2 Nc6 7. c3 Bd6 8. Bg3 O-O 9. Nf4 b6 10. Bd3 Bb7 11. Bh4 Re8 12. Nh5 Be7 13. Ne5 Nxe5 14. dxe5 Nxh5 15. Bxe7 Qxe7 16. Qxh5 h6 17. f4 d4 18. Rg1 dxe3 19. g4 Rad8 20. g5 Rxd3 21. gxh6 g6 22. Rxg6+ fxg6 23. Qxg6+ Kh8 24. Qxd3 Qh4+ 25. Kd1 Rd8 0-1


[Site "https://www.chess.com"]

[Event "Titled Tuesday Blitz March 08 Early 2022"]
[White "Fathy, Elameir"]
[Black "Aggelis, Nikolaos"]
[WhiteFideId "10600396"]
[BlackFideId "4213220"]
[WhiteElo "2311"]
[BlackElo "2154"]
[Result "1/2-1/2"]
[Round "04"]
[TimeControl "180+1"]
[Date "2022.03.09"]
[WhiteClock "0:01:13"]
[BlackClock "0:01:25"]

1. d4 Nf6 2. c4 g6 3. Nc3 d5 4. cxd5 Nxd5 5. Bd2 Bg7 6. e4 Nxc3 7. Bxc3 c5 8. d5 Bxc3+ 9. bxc3 e6 10. Bc4 exd5 11. Bxd5 O-O 12. Qd2 Nc6 13. h4 h5 14. Nf3 Qf6 15. O-O Be6 16. Rad1 Bxd5 17. exd5 Ne5 18. Nxe5 Qxe5 19. Rfe1 Qd6 20. Qg5 Rfe8 21. c4 Kg7 22. Qd2 Rab8 23. Rxe8 Rxe8 24. Qb2+ Kg8 25. Qxb7 Qf4 26. d6 Re2 27. d7 Qxf2+ 28. Kh1 Qxh4+ 29. Kg1 Qf2+ 30. Kh1 Re1+ 31. Rxe1 Qxe1+ 32. Kh2 Qh4+ 33. Kg1 Qe1+ 34. Kh2 Qh4+ 35. Kg1 Qe1+ 1/2-1/2


[Site "https://www.chess.com"]

[Event "Titled Tuesday Blitz March 08 Early 2022"]
[White "Fedoseev, Vladimir"]
[Black "Rastbod, Ali"]
[WhiteFideId "24130737"]
[BlackFideId "12567477"]
[WhiteElo "2726"]
[BlackElo "2200"]
[Result "1-0"]
[Round "04"]
[TimeControl "180+1"]
[Date "2022.03.08"]
[WhiteClock "0:00:11"]
[BlackClock "0:00:09"]

1. e4 e6 2. Nf3 d5 3. d3 Nf6 4. Nbd2 Nc6 5. e5 Nd7 6. d4 f6 7. Bb5 fxe5 8. dxe5 a6 9. Bxc6 bxc6 10. Nd4 Nxe5 11. Qh5+ Nf7 12. Nxc6 Qd6 13. Nd4 e5 14. Nf5 Qe6 15. Ng3 g6 16. Qe2 Bg7 17. c4 c6 18. Nb3 O-O 19. O-O Nd6 20. Nc5 Qf7 21. b3 h5 22. h4 e4 23. Bg5 Bg4 24. Qd2 Bxa1 25. Rxa1 Nf5 26. Nxf5 Bxf5 27. Rc1 a5 28. Qd4 Kh7 29. Na4 Qa7 30. Nc5 Qf7 31. Rd1 Rfc8 32. Rd2 Rc7 33. Bf4 Rcc8 34. Na4 Re8 35. Nb6 Rad8 36. Bg5 Rd6 37. Qc5 Rde6 38. cxd5 cxd5 39. Nxd5 e3 40. Nxe3 Be4 41. Qxa5 Ba8 42. Qb5 Bc6 43. Qc5 Qb7 44. Qd4 Re4 45. Qf6 R4e6 46. Qf4 Re4 47. Qg3 Rf8 48. Kh2 Re6 49. Nc4 Qb8 50. Qxb8 Rxb8 51. f3 Bb5 52. Nd6 Bc6 53. Nf7 Rb7 54. Nd8 Rd7 55. Rxd7+ Bxd7 56. Nxe6 Bxe6 57. Kg3 Bf5 58. Kf4 Bb1 59. a3 Bc2 60. b4 Kg7 61. Ke5 Kf7 62. b5 Ba4 63. b6 Bc6 64. Kd6 Bxf3 65. gxf3 1-0


[Site "https://www.chess.com"]

[Event "Titled Tuesday Blitz March 08 Early 2022"]
[White "Ferguson, Randal"]
[Black "Berezin, Viktor"]
[WhiteFideId "30903106"]
[BlackFideId "14107872"]
[WhiteElo "2154"]
[BlackElo "2310"]
[Result "1/2-1/2"]
[Round "04"]
[TimeControl "180+1"]
[Date "2022.03.09"]
[WhiteClock "0:00:09"]
[BlackClock "0:00:35"]

1. e4 c6 2. c4 d5 3. exd5 cxd5 4. cxd5 Nf6 5. Qa4+ Nbd7 6. Nc3 g6 7. Nf3 Bg7 8. Bc4 O-O 9. Qb3 Nb6 10. d3 e6 11. dxe6 Bxe6 12. Bxe6 Re8 13. O-O Rxe6 14. Bf4 Qxd3 15. Rfd1 Qf5 16. Bg3 Qh5 17. a4 Ne4 18. Nxe4 Rxe4 19. a5 Nc4 20. Qxb7 Rae8 21. Qxa7 Nxb2 22. Rd7 Qf5 23. h3 Nd3 24. Rd1 Nf4 25. Rd8 Nxh3+ 26. Kf1 Ng5 27. Rxe8+ Rxe8 28. Nxg5 Qxg5 29. Qd7 Rf8 30. a6 Ra8 31. a7 Qa5 32. Bb8 Qa6+ 33. Kg1 Bf8 34. Qd5 Rxa7 35. Bxa7 Qxa7 36. Qd4 Qb7 37. Qf6 h5 38. Rd8 Qb1+ 39. Kh2 Qb4 40. g3 Qc5 41. Kg2 Qb4 42. Kh2 Qc5 43. Kg2 Qb4 44. Kh2 1/2-1/2


[Site "https://www.chess.com"]

[Event "Titled Tuesday Blitz March 08 Early 2022"]
[White "Fernandez Siles, Luis"]
[Black "Pinheiro, Iung Alicio de O."]
[WhiteFideId "2209420"]
[BlackFideId "2104350"]
[WhiteElo "2212"]
[BlackElo "2556"]
[Result "0-1"]
[Round "04"]
[TimeControl "180+1"]
[Date "2022.03.09"]
[WhiteClock "0:00:57"]
[BlackClock "0:01:16"]

1. d4 Nf6 2. c4 g6 3. Nc3 d5 4. cxd5 Nxd5 5. Bd2 Bg7 6. e4 Nb6 7. Be3 O-O 8. Be2 Nc6 9. Nf3 Bg4 10. d5 Bxf3 11. gxf3 Na5 12. Bd4 Qd6 13. h4 c6 14. Bxg7 Kxg7 15. h5 cxd5 16. h6+ Kg8 17. exd5 Nac4 18. b3 Qe5 19. Rc1 Nd6 20. Kf1 Rac8 21. Qd3 Nxd5 0-1


[Site "https://www.chess.com"]

[Event "Titled Tuesday Blitz March 08 Early 2022"]
[White "Fier, Alexandr"]
[Black "Bortnyk, Olexandr"]
[WhiteFideId "2107139"]
[BlackFideId "14120828"]
[WhiteElo "2571"]
[BlackElo "2723"]
[Result "0-1"]
[Round "04"]
[TimeControl "180+1"]
[Date "2022.03.08"]
[WhiteClock "0:01:54"]
[BlackClock "0:01:22"]

1. d4 d6 2. e4 Nf6 3. Nc3 Nbd7 4. Nf3 e5 5. Rg1 exd4 6. Nxd4 Nb6 7. g4 h6 8. h4 g6 9. g5 hxg5 10. hxg5 Nfd7 11. Be3 Bg7 12. Qd2 Ne5 13. Qe2 c5 14. Nb3 Nec4 15. O-O-O Nxb2 16. Nb5 Nxd1 17. Qxd1 O-O 18. Nxd6 Na4 19. Nxc5 Bb2+ 0-1


[Site "https://www.chess.com"]